 Dungeon Crawl Stone Soup version 0.28.0-43-g3370ac3207 (webtiles) character file.

Game seed: 9707851652064299057

81 terff the Chopper (level 4, -10/33 HPs)
             Began as a Demonspawn Gladiator on Mar 19, 2022.
             Mangled by a gnoll
             ... wielding a +0 halberd
              (12 damage)
             ... on level 3 of the Dungeon.
             The game lasted 00:12:14 (2016 turns).

terff the Chopper (Demonspawn Gladiator)            Turns: 2016, Time: 00:12:15

Health: -10/33     AC:  8    Str: 14    XL:     4   Next: 19%
Magic:  4/4        EV:  7    Int:  9    God:
Gold:   71         SH:  0    Dex: 17    Spells: 3/3 levels left

rFire   . . .      SeeInvis .   a - +0 war axe
rCold   . . .      Faith    .   (no shield)
rNeg    . . .      Spirit   .   f - +0 chain mail
rPois   .          Reflect  .   (helmet restricted)
rElec   .          Harm     .   (no cloak)
rCorr   .          Rampage  .   (no gloves)
Will    .....                   (no boots)
Stlth   ..........              (no amulet)
HPRegen 0.11/turn               (no ring)
MPRegen 0.09/turn               (no ring)

@: about to teleport
A: horns 1, demonic guardian 1
a: no special abilities


You were on level 3 of the Dungeon.
You visited 1 branch of the dungeon, and saw 3 of its levels.

You collected 71 gold pieces.

Inventory:

Hand Weapons
 a - a +0 war axe (weapon)
Missiles
 d - 3 throwing nets (quivered)
Armour
 b - a +0 leather armour
 c - a +0 helmet
 f - a +0 chain mail (worn)
Scrolls
 e - a scroll of magic mapping
 h - 2 scrolls of teleportation
 i - 4 scrolls of identify
Potions
 g - a potion of degeneration {unknown}


   Skills:
 + Level 2.1 Fighting
 + Level 3.9 Axes
 + Level 2.2 Throwing
 + Level 0.7 Armour
 + Level 3.0 Dodging


You had 3 spell levels left.
You didn't know any spells.
Your spell library contained the following spells:

 Spells                   Type           Power      Damage    Failure   Level
 Call Canine Familiar     Summ           0%         N/A       100%        3
 Portal Projectile        Hex/Tloc       0%         N/A       100%        3
 Leda's Liquefaction      Hex/Erth       0%         N/A       100%        4


Dungeon Overview and Level Annotations

Branches:
Dungeon (3/15)

Altars:
Wu Jian


Innate Abilities, Weirdness & Mutations

You have a pair of small horns on your head.
A weak demonic guardian rushes to your aid.


Message History

The ball python constricts you.
You slash the ball python!
You kill the ball python!
There is a stone staircase leading up here.
Found a scroll of identify.
Found 26 arrows.
Found a ring mail.
Found an escape hatch in the floor.
Found a stone staircase leading down.
The gnoll shouts!
You hear a shout!
A gnoll comes into view. It is wielding a +0 halberd.
The gnoll shouts!
A gnoll comes into view. It is wielding a +0 flail.
Found an ornate altar of the Wu Jian Council.
The frilled lizard hisses angrily.
You see here a scroll of identify.
i - 4 scrolls of identify (gained 1)
The frilled lizard hisses.
The gnoll barely misses you.
You closely miss the gnoll. You headbutt the gnoll.
The gnoll is moderately wounded.
The gnoll hits you but does no damage.
You slash the gnoll!
The gnoll is almost dead.
You barely miss the gnoll. The gnoll barely misses you.
The gnoll hits you with a +0 flail.
The gnoll hits you from afar with a +0 halberd.
You closely miss the gnoll. Your headbutt misses the gnoll.
The gnoll is severely wounded.
You closely miss the gnoll. The gnoll hits you with a +0 flail.
The gnoll hits you with a +0 flail!
A demonic guardian appears!
The gnoll barely misses you. The gnoll hits you with a +0 flail!
* * * LOW HITPOINT WARNING * * *
As you read the scroll of teleportation, it crumbles to dust.
You feel strangely unstable. The gnoll barely misses you.
The gnoll hits you from afar with a +0 halberd.
* * * LOW HITPOINT WARNING * * *
The gnoll hits you with a +0 flail.
* * * LOW HITPOINT WARNING * * *
The gnoll hits you from afar with a +0 halberd!
You die...

##...≈.......§.##
#...≈.≈≈.≈≈.≈..#.
#.#.≈.≈...≈.§....
#.#.≈.≈._.≈.≈..# ##
#.#.≈.≈...≈...# ..
#.#.≈.≈≈≈≈≈.≈l##.#
#...§..§.§.g≈g...#
###.≈≈§§§≈≈≈§g##.####
#......§§5.@.......
#####.......^######
##########


You could see 3 gnolls, a frilled lizard and a friendly white imp (summoned).

Vanquished Creatures
  2 adders (D:2)
  A worm (D:2)
  3 dart slugs
  3 bats
  6 endoplasms
  2 giant cockroaches
  6 goblins
  3 hobgoblins (D:1)
  2 quokkas (D:1)
  9 ball pythons
  3 frilled lizards
  4 kobolds
  4 rats (D:1)
48 creatures vanquished.

Vanquished Creatures (collateral kills)
  A dart slug (D:1)
  An endoplasm (D:1)
  2 quokkas (D:1)
4 creatures vanquished.

Vanquished Creatures (others)
  7 plants (D:1)
7 creatures vanquished.

Grand Total: 59 creatures vanquished

Notes
Turn   | Place    | Note
-------+----------+-------------------------------------------
     0 | D:1      | terff the Demonspawn Gladiator began the quest for the Orb.
     0 | D:1      | Reached XP level 1. HP: 16/16 MP: 1/1
    99 | D:1      | Gained mutation: A weak demonic guardian rushes to your
                  | aid. [demonic ancestry]
    99 | D:1      | Reached XP level 2. HP: 11/22 MP: 2/2
   271 | D:1      | Found a faded altar of an unknown god.
   949 | D:1      | Reached XP level 3. HP: 21/27 MP: 3/3
  1610 | D:2      | Gained mutation: You have a pair of small horns on your
                  | head. [demonic ancestry]
  1610 | D:2      | Reached XP level 4. HP: 18/33 MP: 4/4
  1984 | D:3      | Found an ornate altar of the Wu Jian Council.
  2016 | D:3      | Mangled by a gnoll

Illustrated notes

Levels and vault maps discovered:
D:1:      dpeg_arrival_renting, layout_loops_ring,
          shapermc_ecumenical_altar_mp_ritualfount, kennysheep_nondescript,
          minmay_pentomino_t2
D:2:      layout_rooms
D:3:      layout_loops_ring, nicolae_uskayaw_murder_on_the_dancefloor,
          mainiacjoe_overflow_concentric_impassable

Skill      XL: |  1  2 |
---------------+-------+-----
Throwing       | 2 |  2.2
Axes           | 3 |  3.9
Dodging        | 3 |  3.0
Fighting       | |  2.1
Armour         | |  0.7

Action                   |  1- 3 |  4- 6 || total
-------------------------+-------+-------++-------
Melee: War axe           |   119 |    12 ||   131
       Headbutt          |       |     2 ||     2
       Punch             |       |     1 ||     1
  Use: Scroll            |     4 |     3 ||     7
 Stab: Sleeping          |     1 |       ||     1
Armor: Leather armour    |    16 |       ||    16
       Chain mail        |    43 |     8 ||    51
Dodge: Dodged            |    68 |     5 ||    73
